 Dungeon Crawl Stone Soup version 0.28-b1-25-g9875b3fc8c (webtiles) character file.

Game seed: 13479439901768403746

2220 dannysollo the Cutter (level 9, -4/79 HPs)
             Began as a Minotaur Berserker on Feb 3, 2022.
             Was an Elder of Trog.
             Slain by a four-headed hydra (7 damage)
             ... on level 1 of the Lair of Beasts.
             The game lasted 00:19:33 (5415 turns).

dannysollo the Cutter (Minotaur Berserker)          Turns: 5415, Time: 00:19:33

Health: -4/79      AC: 13    Str: 37    XL:     9   Next: 13%
Magic:  8/8        EV: 13    Int:  4    God:    Trog [****..]
Gold:   187        SH:  0    Dex: 16    Spells: 8/8 levels left

rFire   . . .      SeeInvis .   o - +7 dagger of Fragile Peace {protect, rElec rC+ Dex+5}
rCold   + . .      Faith    .   (no shield)
rNeg    . . .      Spirit   .   g - +0 ring mail
rPois   .          Reflect  .   (helmet restricted)
rElec   +          Harm     .   (no cloak)
rCorr   .          Rampage  .   (no gloves)
Will    .....                   (no boots)
Stlth   +.........              k - amulet of the acrobat
HPRegen 0.23/turn               r - +6 ring of strength
MPRegen 0.11/turn               s - +6 ring of strength

@: under a protective aura
A: horns 2, retaliatory headbutt
a: Renounce Religion, Berserk, Trog's Hand, Brothers in Arms


You were on level 1 of the Lair of Beasts.
You worshipped Trog.
Trog was greatly pleased with you.
You visited 3 branches of the dungeon, and saw 9 of its levels.

You collected 187 gold pieces.

Inventory:

Hand Weapons
 a - a +0 mace
 m - a +0 dagger of protection
 o - the +7 dagger of Fragile Peace (weapon) {protect, rElec rC+ Dex+5}
   (You found it on level 3 of the Dungeon)

   It grants its wielder temporary protection when it strikes (+7 to AC).
   Dex:       It affects your dexterity (+5).
   rC:        It protects you from cold.
   rElec:     It insulates you from electricity.
 w - a +0 halberd
 z - a +5 great sword
 A - a +3 morningstar of freezing
Missiles
 c - 40 bolts
 p - 149 stones (quivered)
Armour
 b - a +0 animal skin
 g - a +0 ring mail (worn)
 l - a +0 barding
 n - a +0 leather armour
 x - a +0 pair of gloves
 y - a +0 chain mail
Jewellery
 k - an amulet of the acrobat (around neck)
 r - a +6 ring of strength (left hand)
 s - a +6 ring of strength (right hand)
Wands
 q - a wand of polymorph (3)
 u - a wand of paralysis (9)
 C - a wand of flame (19)
Scrolls
 d - 5 scrolls of identify
 e - 2 scrolls of holy word
 f - 2 scrolls of immolation
 t - 2 scrolls of enchant armour {unknown}
Potions
 h - a potion of brilliance
 i - 4 potions of lignification
 j - a potion of ambrosia {unknown}
 v - 2 potions of heal wounds {unknown}
 B - a potion of curing {unknown}


   Skills:
 + Level 7.3 Fighting
 + Level 7.5 Short Blades
 + Level 6.4 Maces & Flails
 + Level 6.8 Armour
 + Level 4.7 Dodging
 + Level 2.0 Stealth


You had 8 spell levels left.
You didn't know any spells.
Your spell library was empty.

Dungeon Overview and Level Annotations

Branches:
Dungeon (9/15)             Temple (1/1) D:4            Lair (1/6) D:9
    Orc: D:9-12

Altars:
Ashenzari
Cheibriados
Dithmenos
Gozag
Kikubaaqudgha
Makhleb
Nemelex Xobeh
Okawaru
Qazlal
Ru
Sif Muna
Trog
Uskayaw
Vehumet
Wu Jian
Xom
Yredelemnul
Lugonu

Shops:
D:2 [   D:3 (


Innate Abilities, Weirdness & Mutations

You have a pair of horns on your head.
You reflexively headbutt those who attack you in melee.


Message History

The four-headed hydra is lightly wounded.
You hit the four-headed hydra.
Your headbutt misses the four-headed hydra.
The four-headed hydra is lightly wounded.
The four-headed hydra bites you. The four-headed hydra bites you!
The four-headed hydra bites you. The four-headed hydra bites you!
You hit the four-headed hydra.
Your headbutt misses the four-headed hydra.
The four-headed hydra is lightly wounded.
You hit the four-headed hydra.
The four-headed hydra is moderately wounded.
The four-headed hydra bites you but does no damage.
The four-headed hydra bites you!
The four-headed hydra completely misses you.
The four-headed hydra bites you.
* * * LOW HITPOINT WARNING * * *
There is an open door here.
You see here a +0 pair of gloves.
You open the door. The four-headed hydra bites you!
* * * LOW HITPOINT WARNING * * *
The four-headed hydra bites you.
* * * LOW HITPOINT WARNING * * *
The four-headed hydra barely misses you.
The four-headed hydra bites you but does no damage.
There is an open door here.
You hit the four-headed hydra.
Your weapon exudes an aura of protection.
You headbutt the four-headed hydra!
The four-headed hydra is moderately wounded.
You puncture the four-headed hydra!
The four-headed hydra is moderately wounded.
The four-headed hydra bites you but does no damage.
The four-headed hydra closely misses you.
The four-headed hydra bites you.
* * * LOW HITPOINT WARNING * * *
The four-headed hydra bites you but does no damage.
You hit the four-headed hydra. You headbutt the four-headed hydra!
The four-headed hydra is heavily wounded.
The four-headed hydra bites you!
You die...

### ####
..###########P.###############
..............................
..#####'#.#P#...@D............
..##.##.#.###....#####..#....
..##.......##....#####'## .
<.##.......##....##.[..#
..##.......##....#..#..#
..##.......##...##.⌠.###
..'........##.........##
..#####P.####...#⌠.⌠.⌠.#
..##.###+.###..........#


You could see a four-headed hydra.

Vanquished Creatures
  Sigmund (D:3)
  A wyvern (D:8)
  A steam dragon (D:4)
  2 wargs (D:9)
  2 orc warriors
  A sky beast (D:8)
  An ogre (D:4)
  A centaur (D:8)
  A phantom (D:4)
  A gnoll sergeant (D:8)
  A scorpion (D:5)
  3 wights (D:8)
  4 howler monkeys
  8 orc priests
  3 iron imps (D:3)
  An iguana (D:5)
  A scorpion zombie (D:5)
  3 orc wizards
  A killer bee zombie (D:8)
  5 gnolls (D:8)
  3 adders
  An ufetubus (D:4)
  An adder skeleton (D:4)
  10 orcs
  7 endoplasms
  7 giant cockroaches
  2 hobgoblins
  3 jackals (D:3)
  6 ball pythons
  5 bats
  7 frilled lizards
  14 goblins
  5 kobolds
  8 rats
  3 bushes (D:2)
124 creatures vanquished.

Vanquished Creatures (others)
  A demonic plant (Temple)
  3 plants
4 creatures vanquished.

Grand Total: 128 creatures vanquished

Notes
Turn   | Place    | Note
-------+----------+-------------------------------------------
     0 | D:1      | dannysollo the Minotaur Berserker began the quest for the
                  | Orb.
     0 | D:1      | Reached XP level 1. HP: 19/19 MP: 0/0
    96 | D:1      | Found a faded altar of an unknown god.
   177 | D:1      | Reached XP level 2. HP: 27/27 MP: 1/1
   367 | D:1      | Reached ** piety under Trog
   946 | D:2      | Reached XP level 3. HP: 34/34 MP: 2/2
  1236 | D:2      | Found Xyexojel's Armour Shoppe.
  2147 | D:3      | Noticed Sigmund
  2156 | D:3      | Reached XP level 4. HP: 41/41 MP: 3/3
  2187 | D:3      | Killed Sigmund
  2188 | D:3      | Reached skill level 5 in Fighting
  2188 | D:3      | Reached skill level 5 in Maces & Flails
  2188 | D:3      | Reached XP level 5. HP: 36/48 MP: 4/4
  2400 | D:3      | Identified the +7 dagger of Fragile Peace {protect, rElec
                  | rC+ Dex+5}
  2565 | D:3      | Reached XP level 6. HP: 56/56 MP: 5/5
  2753 | D:3      | Found Eduxeij's Weapon Shop.
  2818 | D:3      | Found a burning altar of Makhleb.
  2846 | D:3      | Reached skill level 1 in Short Blades
  2846 | D:3      | Reached skill level 1 in Stealth
  3013 | D:4      | Found a staircase to the Ecumenical Temple.
  3020 | Temple   | Entered the Ecumenical Temple
  3295 | D:4      | Noticed a steam dragon
  3304 | D:4      | Killed a steam dragon
  3305 | D:4      | Reached XP level 7. HP: 41/61 MP: 6/6
  4095 | D:5      | Entered Level 5 of the Dungeon
  4095 | D:5      | Found a stormy altar of Qazlal.
  4096 | D:5      | Found a snail-covered altar of Cheibriados.
  4102 | D:5      | Reached *** piety under Trog
  4103 | D:5      | Reached skill level 5 in Armour
  4114 | D:5      | Found a broken altar of Ashenzari.
  4223 | D:5      | You fall into a shaft and drop 3 floors!
  4570 | D:8      | Reached XP level 8. HP: 70/70 MP: 7/7
  4621 | D:8      | Found a hide-covered altar of Uskayaw.
  4623 | D:8      | Found an ancient bone altar of Kikubaaqudgha.
  4623 | D:8      | Found a shimmering altar of Xom.
  4624 | D:8      | Found a shadowy altar of Dithmenos.
  4624 | D:8      | Found a sparkling altar of Nemelex Xobeh.
  4634 | D:8      | Reached skill level 5 in Short Blades
  5230 | D:8      | Found a shimmering blue altar of Sif Muna.
  5257 | D:9      | Reached **** piety under Trog
  5269 | D:9      | Reached XP level 9. HP: 79/79 MP: 8/8
  5293 | D:9      | Found a staircase to the Lair.
  5309 | Lair:1   | Entered Level 1 of the Lair of Beasts
  5383 | Lair:1   | Noticed a four-headed hydra
  5414 | Lair:1   | HP: 3/79 [four-headed hydra (5)]
  5415 | Lair:1   | Slain by a four-headed hydra

Illustrated notes

Levels and vault maps discovered:
D:1:      eino_arrival_tree_alley, layout_loops_ring,
          chequers_ecumenical_altar_twisty
D:2:      layout_basic, serial_forest, infiniplex_forest_lined_room_3,
          infiniplex_forest_end_2, infiniplex_forest_fountain,
          infiniplex_forest_lined_room_2, infiniplex_forest_end_1, serial_shops,
          nicolae_shop_hallway_plus
D:3:      layout_basic, demons_altar, serial_shops, shop, uniq_sigmund
D:4:      layout_basic, minmay_temple_entry_slanted, minmay_goblin_outpost
D:5:      layout_rooms, gammafunk_temple_overflow_forgotten,
          gammafunk_ghost_necromancy, hangedman_decor_slide_cut, uniq_eustachio,
          uniq_grinder
D:8:      layout_loops_cross, kennysheep_mini, grunt_temple_overflow_open,
          enter_bailey_5
D:9:      minmay_the_grid_octo_tiled_octocenter [minmay_the_grid_octo_chip,
          minmay_the_grid_octo_clover_2, minmay_the_grid_octo_clover,
          minmay_the_grid_octo_thin_diamonds,
          minmay_the_grid_octo_prize_ultimate_mussel_roller,
          minmay_the_grid_square_5x5_longway,
          minmay_the_grid_square_5x5_fancy_junction,
          minmay_the_grid_square_5x5_checkered_statues,
          minmay_the_grid_square_5x5_beaten_path], layout_small_grid,
          erik_lair_orcish_takeover, serial_shops, shop, bh_circular_ruins
Temple:   corrupted_temple
Lair:1:   wad_woods_stonehenge, layout_regular_city, grunt_megastairs_3,
          uniq_erica, uniq_urug

Skill      XL: |  1  2  3  4  5  6  7  8 |
---------------+-------------------------+-----
Fighting       | 4 5 6 7 |  7.3
Maces & Flails | 4 5 6 |  6.4
Armour         | 3 4 5 6 |  6.8
Short Blades   | 2 4 7 |  7.5
Stealth        | 1 2 |  2.0
Dodging        | 3 4 |  4.7

Action                   |  1- 3 |  4- 6 |  7- 9 || total
-------------------------+-------+-------+-------++-------
Melee: Mace              |   265 |       |       ||   265
       Headbutt          |    80 |     9 |    34 ||   123
       Punch             |     9 |       |       ||     9
       Dagger            |       |    60 |   151 ||   211
       Unarmed           |       |     3 |       ||     3
Invok: Berserk           |       |       |     1 ||     1
  Use: Potion            |     1 |       |       ||     1
       Scroll            |       |       |     3 ||     3
 Stab: Sleeping          |     1 |       |       ||     1
Armor: Animal skin       |     3 |       |       ||     3
       Ring mail         |    12 |    19 |    51 ||    82
Dodge: Dodged            |    35 |    34 |    92 ||   161
